 Dungeon Crawl Stone Soup version 0.29.1-1-gd02db6906a (webtiles) character file.

Game seed: 12946447524942532829

44 RogueRain17 the Slasher (level 3, -8/27 HPs)
             Began as a Demonspawn Gladiator on Sept 18, 2022.
             Was an Initiate of Ashenzari.
             Splashed by a jelly's acid (11 damage)
             ... on level 4 of the Dungeon.
             The game lasted 00:04:48 (2197 turns).

RogueRain17 the Slasher (Demonspawn Gladiator)      Turns: 2197, Time: 00:04:50

Health: -8/27      AC: -3    Str: 14    XL:     3   Next: 41%
Magic:  3/3        EV: 12    Int:  9    God:    Ashenzari [......]
Gold:   98         SH:  0    Dex: 16    Spells: 2/2 levels left

rFire   . . .      SeeInvis .   a - +0 long sword
rCold   . . .      Faith    .   (no shield)
rNeg    . . .      Spirit   .   b - +0 leather armour
rPois   .          Reflect  .   c - +1 helmet
rElec   .          Harm     .   (no cloak)
rCorr   .          Rampage  .   (no gloves)
Will    .....                   (no boots)
Stlth   +.........              (no amulet)
HPRegen 0.09/turn               (no ring)
MPRegen 0.08/turn               (no ring)

@: corroded, studying Long Blades
A: powered by death 1
a: Renounce Religion


You were on level 4 of the Dungeon.
You worshipped Ashenzari.
Ashenzari was noncommittal.
You visited 1 branch of the dungeon, and saw 4 of its levels.

You collected 98 gold pieces.

Inventory:

Hand Weapons
 a - a +0 long sword (weapon)
Missiles
 d - 3 throwing nets
 e - a javelin
 j - 2 boomerangs (quivered)
Armour
 b - a +0 leather armour (worn)
 c - a +1 helmet (worn)
Scrolls
 h - a scroll of immolation {unknown}
 i - a scroll of teleportation
Potions
 f - a potion of might {unknown}
 g - a potion of resistance {unknown}


   Skills:
 - Level 2.0 Fighting
 * Level 3.7 Long Blades
 - Level 1.7 Throwing
 + Level 3.2 Dodging


You had 2 spell levels left.
You didn't know any spells.
Your spell library contained the following spells:

 Spells                   Type           Power      Damage    Failure   Level
 Sublimation of Blood     Necr           0%         N/A       61%         2
 Wereblood                Tmut           0%         N/A       61%         2
 Ozocubu's Armour         Ice            0%         N/A       83%         3
 Metabolic Englaciation   Hex/Ice        0%         N/A       100%        5
 Simulacrum               Ice/Necr       0%         N/A       100%        6
 Summon Hydra             Summ           0%         N/A       100%        7


Dungeon Overview and Level Annotations

Branches:
Dungeon (4/15)
 Temple: D:4-7

Altars:
Ashenzari

Annotations:
D:3 Sigmund


Innate Abilities, Weirdness & Mutations

You regenerate a little health from kills.


Message History

The endoplasm hits you but does no damage.
You barely miss the endoplasm.
The endoplasm is almost dead.
The endoplasm freezes you.
You are frozen.
You hit the endoplasm but do no damage.
The endoplasm is almost dead.
The endoplasm barely misses you.
You hit the endoplasm.
You kill the endoplasm!
No target in view!
Found a stone staircase leading down.
g - a glowing brown potion
h - a scroll labelled YROOFO TEIMP A jelly comes into view.
A jelly is nearby!
The jelly quivers.
You slash the jelly!
Your hands burn!
The jelly is moderately wounded.
The jelly hits you but does no damage. x2
You barely miss the jelly.
The jelly is moderately wounded.
The jelly hits you but does no damage.
You hit the jelly.
Your hands burn!
The jelly is heavily wounded.
The jelly hits you but does no damage.
You hit the jelly.
Your hands burn!
The jelly is heavily wounded.
The jelly barely misses you.
You hit the jelly. The acid corrodes you!
Your hands burn!
The jelly is severely wounded.
The jelly barely misses you. The jelly hits you. The acid corrodes you!
You are splashed with acid!
You hit the jelly but do no damage.
Your hands burn!
* * * LOW HITPOINT WARNING * * *
The jelly is severely wounded.
The jelly hits you.
* * * LOW HITPOINT WARNING * * *
The acid corrodes you!
You are splashed with acid!
You die...

#### ... #.# #..
#.# #.# #.# #J#
#.# #@# #.#
##.##
#.#####...#
######.##....#.#
#..............#
#.####.##.#.####
#.# #.##.#.# #.#
#.##.#>#
#.####.##.#.#


You could see a jelly.

Vanquished Creatures
  An adder (D:2)
  4 orcs (D:4)
  4 endoplasms
  2 giant cockroaches (D:1)
  A goblin (D:1)
  2 hobgoblins
  4 jackals (D:1)
  A quokka (D:2)
  4 ball pythons
  A bat (D:1)
  A frilled lizard (D:3)
  2 rats
27 creatures vanquished.

Vanquished Creatures (others)
  19 plants (D:4)
19 creatures vanquished.

Grand Total: 46 creatures vanquished

Notes
Turn   | Place    | Note
-------+----------+-------------------------------------------
     0 | D:1      | RogueRain17 the Demonspawn Gladiator began the quest for
                  | the Orb.
     0 | D:1      | Reached XP level 1. HP: 16/16 MP: 1/1
   220 | D:1      | Gained mutation: You regenerate a little health from kills.
                  | [demonic ancestry]
   220 | D:1      | Reached XP level 2. HP: 19/22 MP: 2/2
   488 | D:1      | Found a faded altar of an unknown god.
  1460 | D:2      | Reached XP level 3. HP: 15/27 MP: 3/3
  1592 | D:2      | You fall into a shaft and drop 1 floor!
  1603 | D:3      | Noticed Sigmund
  1713 | D:4      | Identified a scroll of acquirement
  1717 | D:4      | Found a broken altar of Ashenzari.
  1983 | D:4      | Acquired a manual of Long Blades
  2005 | D:4      | Became a worshipper of Ashenzari the Shackled
  2197 | D:4      | Splashed by a jelly's acid

Illustrated notes

Levels and vault maps discovered:
D:1:      mrwooster_arrival_statue_2, layout_loops_cross,
          shapermc_ecumenical_altar_flowoftime, minmay_hedge_maze,
          serial_bayou_lagoon_a, nicolae_concentric_dashed_squares_mild,
          minmay_misc_feat_ornament, grunt_decor_junction
D:2:      layout_basic, uniq_robin
D:3:      layout_basic, lightli_temple_of_fire, uniq_sigmund
D:4:      layout_loops_ring, nicolae_ashenzari_panopticon,
          nzn_wu_jian_contemplation, minmay_temple_entry_antechambers,
          nicolae_grassy_gnolls

Skill      XL: |  1  2 |
---------------+-------+-----
Long Blades    | 3 |  3.7
Dodging        | 3 |  3.2
Fighting       | |  2.0
Throwing       | |  1.7

Action                   || total
-------------------------++-------
Melee: Long sword        ||    86
Throw: Boomerang         ||     2
  Use: Scroll            ||     4
 Stab: Sleeping          ||     1
Armor: Leather armour    ||    26
Dodge: Dodged            ||    61
